[ PARTIDA AOE2 · #506425503 ]
UnrankedPolacos vs Bulgarians
Equipo del jugador · DERR
Equipo rival · VICT
[ ANÁLISIS DE REPETICIÓN · EXTRAÍDO DE LA PARTIDA GRABADA ]
Feudal
10:25
Castillos
14:55
Imperial
35:51
| APM promedio | 50.9 |
| APM pico | 86 |
| eAPM promedio | 32.0 |
| Aldeanos / militares | 91 / 105 |
Foco
⚔️ 41.9% · 🌾 58.1%
Knight ×54 · Fishing Ship ×21 · Obuch ×20 · Spearman ×12 · Scout Cavalry ×12 · Unknown (2626) ×8
Feudal
9:00
Castillos
12:55
Imperial
33:37
| APM promedio | 63.7 |
| APM pico | 130 |
| eAPM promedio | 33.9 |
| Aldeanos / militares | 115 / 77 |
Foco
⚔️ 50.9% · 🌾 49.1%
Knight ×29 · Scout Cavalry ×22 · Monk ×13 · Battering Ram ×7 · Fishing Ship ×6 · Trebuchet (Packed) ×4
Mapa de la partida
Recursos iniciales + cada clic de construcción. Líneas = muros · curvas = relieve. ◆ oro · ⬟ piedra · ● bayas · ✦ reliquia · ◌ hueco del cierre
Tu base· ✓ Separados por el mapa
Base de Fontana Bella· ✓ Separados por el mapa
Terreno inicial suavizado · ◌ = hueco del cierre detectado · pasá el cursor para detalles
Inputs por minuto
— PNAL | Miller - - Fontana Bella
Build order — PNAL | Miller
Primeras 150 de 369 acciones detectadas
| 0:14 | Construir | Town Center |
| 1:08 | Investigar | Loom |
| 1:09 | Investigar | Loom |
| 1:10 | Construir | House |
| 1:11 | Construir | House |
| 1:13 | Construir | House |
| 1:17 | Encolar | Villager (Male) |
| 1:17 | Encolar | Villager (Male) |
| 1:17 | Encolar | Villager (Male) |
| 1:17 | Encolar | Villager (Male) |
| 1:18 | Encolar | Villager (Male) |
| 1:54 | Construir | Dock |
| 2:48 | Encolar | Villager (Male) |
| 3:03 | Encolar | Fishing Ship |
| 3:03 | Encolar | Fishing Ship |
| 3:03 | Encolar | Fishing Ship |
| 3:20 | Construir | Lumber Camp |
| 3:21 | Encolar | Villager (Male) |
| 3:25 | Construir | Lumber Camp |
| 3:42 | Encolar | Villager (Male) |
| 3:44 | Construir | House |
| 4:01 | Encolar | Villager (Male) |
| 4:18 | Encolar | Villager (Male) |
| 4:18 | Encolar | Fishing Ship |
| 4:54 | Encolar | Villager (Male) |
| 5:02 | Construir | Dock |
| 5:10 | Encolar | Villager (Male) |
| 5:19 | Encolar | Fishing Ship |
| 5:22 | Construir | House |
| 5:58 | Encolar | Villager (Male) |
| 6:01 | Encolar | Fishing Ship |
| 6:01 | Encolar | Fishing Ship |
| 6:22 | Encolar | Villager (Male) |
| 6:27 | Construir | Dock |
| 6:38 | Construir | House |
| 6:47 | Encolar | Fishing Ship |
| 6:51 | Encolar | Villager (Male) |
| 7:23 | Encolar | Villager (Male) |
| 7:25 | Encolar | Fishing Ship |
| 7:50 | Encolar | Villager (Male) |
| 7:59 | Encolar | Fishing Ship |
| 8:02 | Construir | House |
| 8:02 | Construir | House |
| 8:14 | Investigar | Feudal Age |
| 8:15 | Investigar | Feudal Age |
| 8:37 | Construir | Mining Camp |
| 8:41 | Construir | Mining Camp |
| 8:44 | Encolar | Fishing Ship |
| 8:45 | Encolar | Fishing Ship |
| 9:10 | Encolar | Transport Ship |
| 9:15 | Construir | Outpost |
| 9:26 | Encolar | Fishing Ship |
| 10:25 | Edad | Edad Feudal |
| 10:30 | Construir | Blacksmith |
| 10:31 | Encolar | Villager (Male) |
| 10:33 | Encolar | Villager (Male) |
| 10:41 | Construir | Barracks |
| 11:25 | Encolar | Villager (Male) |
| 11:29 | Construir | Stable |
| 11:33 | Investigar | Double-Bit Axe |
| 11:48 | Investigar | Tech 906 |
| 11:48 | Investigar | Tech 906 |
| 11:48 | Investigar | Tech 906 |
| 11:50 | Encolar | Villager (Male) |
| 12:06 | Investigar | Castle Age |
| 12:24 | Investigar | Scale Barding Armor |
| 12:24 | Investigar | Forging |
| 12:36 | Construir | Dock |
| 12:50 | Encolar | Scout Cavalry |
| 12:50 | Encolar | Scout Cavalry |
| 12:50 | Encolar | Scout Cavalry |
| 12:59 | Encolar | Transport Ship |
| 13:03 | Encolar | Villager (Male) |
| 13:32 | Encolar | Fishing Ship |
| 13:35 | Encolar | Fishing Ship |
| 13:38 | Encolar | Scout Cavalry |
| 13:58 | Encolar | Spearman |
| 13:58 | Encolar | Spearman |
| 14:02 | Construir | House |
| 14:06 | Construir | House |
| 14:08 | Construir | House |
| 14:14 | Construir | Palisade Gate |
| 14:23 | Construir | Palisade Wall |
| 14:24 | Construir | Palisade Wall |
| 14:26 | Construir | Palisade Wall |
| 14:27 | Construir | Palisade Wall |
| 14:29 | Construir | Palisade Wall |
| 14:49 | Encolar | Spearman |
| 14:55 | Edad | Edad de los Castillos |
| 14:57 | Encolar | Spearman |
| 14:58 | Investigar | Light Cavalry (upgrade) |
| 15:10 | Encolar | Spearman |
| 15:10 | Encolar | Villager (Male) |
| 15:37 | Encolar | Unit 2626 |
| 15:38 | Encolar | Unit 2626 |
| 15:38 | Encolar | Unit 2626 |
| 15:44 | Investigar | Bow Saw |
| 15:45 | Encolar | Villager (Male) |
| 15:47 | Encolar | Spearman |
| 15:47 | Encolar | Spearman |
| 15:51 | Investigar | Scale Mail Armor |
| 15:58 | Encolar | Spearman |
| 15:58 | Encolar | Villager (Male) |
| 16:05 | Encolar | Spearman |
| 16:08 | Construir | Palisade Wall |
| 16:21 | Construir | Palisade Wall |
| 16:40 | Encolar | Villager (Male) |
| 16:41 | Encolar | Scout Cavalry |
| 16:52 | Construir | Castle |
| 17:17 | Investigar | War Galley (upgrade) |
| 17:17 | Investigar | War Galley (upgrade) |
| 17:19 | Investigar | Forging |
| 17:19 | Investigar | Forging |
| 17:28 | Encolar | Villager (Male) |
| 17:28 | Encolar | Villager (Male) |
| 17:59 | Encolar | Villager (Male) |
| 18:12 | Encolar | Villager (Male) |
| 18:19 | Construir | Monastery |
| 18:38 | Encolar | Villager (Male) |
| 18:39 | Encolar | Obuch |
| 18:55 | Encolar | Unit 2626 |
| 18:55 | Encolar | Unit 2626 |
| 18:58 | Encolar | Villager (Male) |
| 19:04 | Encolar | Obuch |
| 19:19 | Encolar | Obuch |
| 19:43 | Construir | Lumber Camp |
| 19:47 | Construir | House |
| 19:48 | Encolar | Monk |
| 19:58 | Encolar | Villager (Male) |
| 19:59 | Encolar | Villager (Male) |
| 20:05 | Encolar | Villager (Male) |
| 20:12 | Encolar | Villager (Male) |
| 20:19 | Encolar | Villager (Male) |
| 20:32 | Construir | Mill |
| 20:35 | Encolar | Villager (Male) |
| 21:03 | Investigar | Iron Casting |
| 21:08 | Investigar | Iron Casting |
| 21:27 | Investigar | Horse Collar |
| 21:30 | Encolar | Villager (Male) |
| 21:34 | Encolar | Fishing Ship |
| 21:34 | Encolar | Fishing Ship |
| 21:38 | Encolar | Fishing Ship |
| 21:38 | Encolar | Fishing Ship |
| 21:43 | Encolar | Fishing Ship |
| 21:43 | Encolar | Fishing Ship |
| 21:44 | Encolar | Villager (Male) |
| 21:53 | Encolar | Monk |
| 22:03 | Construir | Market |
| 22:06 | Encolar | Villager (Male) |
| 22:22 | Encolar | Villager (Male) |
Build order — Fontana Bella
Primeras 150 de 338 acciones detectadas
| 0:10 | Construir | Dock |
| 0:30 | Construir | Town Center |
| 0:37 | Construir | House |
| 1:21 | Encolar | Villager (Male) |
| 1:21 | Encolar | Villager (Male) |
| 1:22 | Encolar | Villager (Male) |
| 1:25 | Investigar | Loom |
| 1:27 | Construir | House |
| 1:35 | Encolar | Villager (Male) |
| 1:36 | Encolar | Villager (Male) |
| 1:36 | Encolar | Villager (Male) |
| 1:36 | Encolar | Villager (Male) |
| 2:07 | Encolar | Villager (Male) |
| 2:37 | Encolar | Villager (Male) |
| 2:37 | Encolar | Villager (Male) |
| 2:41 | Encolar | Fishing Ship |
| 3:01 | Encolar | Villager (Male) |
| 3:01 | Encolar | Villager (Male) |
| 3:01 | Encolar | Villager (Male) |
| 3:03 | Construir | House |
| 3:25 | Encolar | Fishing Ship |
| 3:35 | Construir | House |
| 4:14 | Encolar | Fishing Ship |
| 4:39 | Encolar | Fishing Ship |
| 4:43 | Encolar | Villager (Male) |
| 5:08 | Construir | House |
| 5:35 | Encolar | Villager (Male) |
| 5:35 | Encolar | Villager (Male) |
| 5:38 | Encolar | Fishing Ship |
| 6:02 | Construir | Mining Camp |
| 6:21 | Encolar | Fishing Ship |
| 6:39 | Investigar | Feudal Age |
| 7:01 | Construir | House |
| 7:55 | Construir | Mill |
| 8:44 | Construir | Barracks |
| 8:50 | Encolar | Villager (Male) |
| 8:50 | Encolar | Villager (Male) |
| 9:00 | Edad | Edad Feudal |
| 9:01 | Construir | Blacksmith |
| 9:27 | Construir | Stable |
| 9:50 | Encolar | Villager (Male) |
| 9:57 | Encolar | Transport Ship |
| 10:02 | Construir | House |
| 10:08 | Investigar | Castle Age |
| 10:35 | Construir | Lumber Camp |
| 10:40 | Encolar | Scout Cavalry |
| 11:04 | Investigar | Double-Bit Axe |
| 11:34 | Encolar | Scout Cavalry |
| 11:59 | Investigar | Scale Barding Armor |
| 12:06 | Encolar | Scout Cavalry |
| 12:25 | Encolar | Scout Cavalry |
| 12:55 | Edad | Edad de los Castillos |
| 13:03 | Construir | Siege Workshop |
| 13:07 | Construir | Monastery |
| 13:09 | Encolar | Villager (Male) |
| 13:15 | Investigar | Light Cavalry (upgrade) |
| 13:24 | Investigar | Chain Barding Armor |
| 13:28 | Encolar | Villager (Male) |
| 13:56 | Encolar | Scout Cavalry |
| 13:57 | Encolar | Monk |
| 14:02 | Construir | House |
| 14:16 | Encolar | Villager (Male) |
| 14:23 | Encolar | Battering Ram |
| 14:23 | Encolar | Battering Ram |
| 14:50 | Encolar | Villager (Male) |
| 15:05 | Construir | House |
| 15:05 | Construir | House |
| 15:06 | Encolar | Battering Ram |
| 15:17 | Encolar | Villager (Male) |
| 15:18 | Encolar | Scout Cavalry |
| 15:19 | Encolar | Scout Cavalry |
| 15:30 | Encolar | Scout Cavalry |
| 15:42 | Encolar | Scout Cavalry |
| 15:42 | Encolar | Villager (Male) |
| 15:45 | Construir | Lumber Camp |
| 15:55 | Construir | House |
| 15:55 | Construir | House |
| 16:11 | Encolar | Villager (Male) |
| 16:19 | Construir | Monastery |
| 16:23 | Encolar | Scout Cavalry |
| 16:29 | Encolar | Villager (Male) |
| 16:50 | Construir | Lumber Camp |
| 17:05 | Encolar | Monk |
| 17:07 | Construir | House |
| 17:07 | Construir | House |
| 17:10 | Encolar | Villager (Male) |
| 17:42 | Encolar | Monk |
| 17:50 | Encolar | Monk |
| 17:52 | Construir | House |
| 17:53 | Construir | House |
| 17:54 | Encolar | Scout Cavalry |
| 17:55 | Encolar | Villager (Male) |
| 18:27 | Encolar | Villager (Male) |
| 19:00 | Construir | Outpost |
| 19:04 | Construir | Farm |
| 19:04 | Construir | Farm |
| 19:04 | Construir | Farm |
| 19:04 | Construir | Farm |
| 19:05 | Construir | Farm |
| 19:05 | Construir | Farm |
| 19:05 | Construir | Farm |
| 19:05 | Construir | Farm |
| 19:12 | Construir | Farm |
| 19:13 | Construir | Farm |
| 19:13 | Construir | Farm |
| 19:13 | Construir | Farm |
| 19:16 | Construir | Town Center |
| 19:45 | Construir | House |
| 19:49 | Construir | Farm |
| 19:52 | Construir | Farm |
| 20:05 | Encolar | Trade Cog |
| 20:11 | Encolar | Unit 2626 |
| 20:19 | Construir | Dock |
| 20:22 | Encolar | Villager (Male) |
| 20:42 | Encolar | Villager (Male) |
| 20:42 | Encolar | Villager (Male) |
| 20:58 | Construir | House |
| 20:58 | Construir | House |
| 21:10 | Encolar | Transport Ship |
| 21:13 | Encolar | Scout Cavalry |
| 21:21 | Encolar | Villager (Male) |
| 21:21 | Encolar | Villager (Male) |
| 21:21 | Encolar | Villager (Male) |
| 21:22 | Construir | Farm |
| 21:24 | Construir | Farm |
| 21:26 | Construir | Farm |
| 21:27 | Construir | Farm |
| 21:36 | Encolar | Monk |
| 21:39 | Encolar | Villager (Male) |
| 21:39 | Encolar | Villager (Male) |
| 21:55 | Encolar | Monk |
| 21:56 | Encolar | Villager (Male) |
| 21:56 | Encolar | Villager (Male) |
| 22:16 | Encolar | Monk |
| 22:37 | Encolar | Villager (Male) |
| 22:37 | Encolar | Villager (Male) |
| 22:38 | Encolar | Villager (Male) |
| 22:55 | Encolar | Villager (Male) |
| 22:55 | Encolar | Villager (Male) |
| 23:50 | Encolar | Villager (Male) |
| 23:50 | Encolar | Villager (Male) |
| 23:50 | Encolar | Villager (Male) |
| 23:58 | Construir | Town Center |
| 24:14 | Construir | Monastery |
| 24:23 | Encolar | Monk |
| 24:26 | Encolar | Monk |
| 24:37 | Investigar | Wheelbarrow |
| 24:38 | Investigar | Town Watch |
| 24:38 | Encolar | Villager (Male) |
| 24:40 | Investigar | Horse Collar |
Cronología de la partida
| 0:10 | Fontana Bella · first_building Dock |
| 1:54 | PNAL | Miller · first_building Dock |
| 8:44 | Fontana Bella · first_building Barracks |
| 9:00 | Fontana Bella · age_up feudal |
| 9:27 | Fontana Bella · first_building Stable |
| 10:25 | PNAL | Miller · age_up feudal |
| 10:41 | PNAL | Miller · first_building Barracks |
| 11:29 | PNAL | Miller · first_building Stable |
| 12:55 | Fontana Bella · age_up castle |
| 13:03 | Fontana Bella · first_building Siege Workshop |
| 13:07 | Fontana Bella · first_building Monastery |
| 14:23 | PNAL | Miller · wall_segment Palisade Wall x1 |
| 14:24 | PNAL | Miller · wall_segment Palisade Wall x1 |
| 14:26 | PNAL | Miller · wall_segment Palisade Wall x3 |
| 14:27 | PNAL | Miller · wall_segment Palisade Wall x2 |
| 14:29 | PNAL | Miller · wall_segment Palisade Wall x4 |
| 14:55 | PNAL | Miller · age_up castle |
| 16:08 | PNAL | Miller · wall_segment Palisade Wall x1 |
| 16:21 | PNAL | Miller · wall_segment Palisade Wall x1 |
| 16:52 | PNAL | Miller · first_building Castle |
| 18:19 | PNAL | Miller · first_building Monastery |
| 23:29 | PNAL | Miller · wall_segment Palisade Wall x1 |
| 24:21 | PNAL | Miller · first_market_buy 100 food |
| 30:01 | PNAL | Miller · wall_segment Stone Wall x1 |
| 30:10 | PNAL | Miller · wall_segment Stone Wall x1 |
| 30:11 | PNAL | Miller · wall_segment Stone Wall x1 |
| 30:15 | PNAL | Miller · wall_segment Stone Wall x1 |
| 30:18 | Fontana Bella · first_building Castle |
| 30:18 | PNAL | Miller · wall_segment Stone Wall x1 |
| 30:22 | Fontana Bella · first_market_buy 100 food |
| 32:26 | PNAL | Miller · wall_segment Stone Wall x7 |
| 32:39 | PNAL | Miller · first_market_sell 100 wood |
| 33:37 | Fontana Bella · age_up imperial |
| 35:51 | PNAL | Miller · age_up imperial |
| 36:31 | PNAL | Miller · resign |
[ ANÁLISIS IA · 1 CRÉDITO ]
¿Qué pasó realmente en esta partida?
Wolo.gg analiza cada decisión: build order, eco, micro, errores típicos por bracket. Análisis personalizado por WhatsApp o Discord en 30 segundos.
Guía civ
Polacos
Perfil
PNAL | Miller